 Dungeon Crawl Stone Soup version 0.22-a0-596-gfbd32a6 (webtiles) character file.

175 sking99 the Insei (level 5, -7/40 HPs)
             Began as a Draconian Transmuter on July 5, 2018.
             Was an Initiate of Ru.
             Killed by divine providence
             ... invoked by an orc priest
              (13 damage)
             ... on level 7 of the Dungeon.
             The game lasted 00:09:32 (3113 turns).

sking99 the Insei (Draconian Transmuter)            Turns: 3113, Time: 00:09:33

Health: -7/40      AC:  6    Str: 12    XL:     5   Next: 29%
Magic:  4/8        EV: 12    Int: 14    God:    Ru [......]
Gold:   136        SH:  0    Dex: 12    Spells: 5/8 levels left

rFire    . . .     SeeInvis .     - Unarmed
rCold    . . .     Gourm    .   (no shield)
rNeg     . . .     Faith    .   (armour unavailable)
rPois    .         Spirit   .   (helmet restricted)
rElec    .         Reflect  .   d - +0 cloak
rCorr    .         Harm     .   (no gloves)
MR       .....                  (no boots)
Stlth    +.........             (no amulet)
HPRegen  0.13/turn              (no ring)
MPRegen  0.11/turn              (no ring)

@: no status effects
A: unfitting armour, cold-blooded, AC +5
a: Renounce Religion


You were on level 7 of the Dungeon.
You worshipped Ru.
Ru was noncommittal.
You were hungry.

You visited 1 branch of the dungeon, and saw 5 of its levels.

You collected 136 gold pieces.

Inventory:

Missiles
 a - 71 arrows
Armour
 d - a +0 cloak (worn)
Jewellery
 k - an uncursed ring of fire
Wands
 r - a wand of iceblast (9)
Scrolls
 g - 2 scrolls of teleportation
 i - a scroll of magic mapping
 q - a scroll of enchant weapon
Potions
 b - 2 potions of brilliance
 e - 2 potions of cancellation
 f - 2 potions of might
 h - 2 potions of agility
 l - a potion of haste {unknown}
 o - a potion of lignification {unknown}
Comestibles
 c - 13 rations


   Skills:
 - Level 1.1 Fighting
 - Level 1.7 Dodging
 + Level 6.1 Unarmed Combat
 - Level 2.0 Spellcasting
 - Level 2.0 Transmutations


You had 5 spell levels left.
You knew the following spells:

 Your Spells              Type           Power        Failure   Level  Hunger
a - Beastly Appendage     Tmut           #.....       11%         1    ##.....
b - Sticks to Snakes      Tmut           #.......     16%         2    ###....

Your spell library contained the following spells:

 Spells                   Type           Power        Failure   Level  Hunger
 Spider Form              Tmut/Pois      #.........   43%         3    ####...
 Blade Hands              Tmut           #.........   96%         5    ######.
 Ice Form                 Ice/Tmut       #.......     83%         4    #####..


Dungeon Overview and Level Annotations

Branches:
Dungeon (4/15)
 Temple: D:4-7

Altars:
Makhleb
Nemelex Xobeh
Ru
Sif Muna
Uskayaw
Zin

Shops:
D:4 *

Annotations:
D:3 2 transporters, ThisFiasco's ghost, amateur DsVM


Innate Abilities, Weirdness & Mutations

Your plain brown scales are hard. (AC +5)
You cannot fit into any form of body armour.
You are cold-blooded and may be slowed by cold attacks.


Message History

You punch the orc priest!
The orc priest is almost dead.
The crimson imp hits you but does no damage.
The orc wizard hits you but does no damage.
The orc priest mumbles some strange prayers to Beogh against you.
Your ball python writhes in agony!
Your ball python dies!
The orc misses you.
Your ball python closely misses the crimson imp.
Your ball python grabs the crimson imp.
Your ball python constricts the crimson imp.
The orc priest invokes the aid of Beogh against you.
Beogh smites you!
* * * LOW HITPOINT WARNING * * *
The crimson imp barely misses you.
Your ball python barely misses the crimson imp.
Your ball python constricts the crimson imp.
The orc priest calls down the wrath of Beogh upon you.
Beogh smites you!
You die...

.. ##..
#.. ...#
.. ...##
.. #.....
.###.... .
.....#..#
##o......#


#Soo# #@5o# #...## #...# ....# ##.... #...## #...# #...# You could see 2 orc
priests, an orc wizard, a crimson imp, an orc and a friendly ball python.

Vanquished Creatures
  An orc priest (D:3)
  An orc wizard (D:3)
  4 adders
  3 worms
  2 dart slugs (D:1)
  5 leopard geckos
  10 orcs
  5 bats
  3 giant cockroaches
  6 hobgoblins
  4 jackals (D:3)
  A quokka (D:3)
  5 frilled lizards
  6 goblins
  3 kobolds
  7 rats
66 creatures vanquished.

Vanquished Creatures (collateral kills)
  An orc (D:3)
1 creature vanquished.

Grand Total: 67 creatures vanquished

Notes
Turn   | Place    | Note
-------+----------+-------------------------------------------
     0 | D:1      | sking99 the Draconian Transmuter began the quest for the Orb.
     0 | D:1      | Reached XP level 1. HP: 16/16 MP: 3/3
   993 | D:1      | Reached XP level 2. HP: 23/23 MP: 3/5
  1328 | D:2      | Learned a level 2 spell: Sticks to Snakes
  1337 | D:2      | Reached skill level 4 in Unarmed Combat
  1409 | D:2      | Reached XP level 3. HP: 25/28 MP: 3/6
  1973 | D:3      | Reached XP level 4. HP: 34/35 MP: 3/7
  1975 | D:3      | Reached skill level 5 in Unarmed Combat
  2134 | D:3      | Found a transporter.
  2350 | D:3      | Found a burning altar of Makhleb.
  2362 | D:3      | Found a hide-covered altar of Uskayaw.
  2609 | D:3      | Noticed ThisFiasco's ghost (amateur DsVM)
  2613 | D:3      | Found a transporter.
  2654 | D:3      | Found a deep blue altar of Sif Muna.
  2654 | D:3      | Found a glowing silver altar of Zin.
  2675 | D:3      | Reached XP level 5. HP: 30/40 MP: 3/8
  2705 | D:3      | Reached skill level 6 in Unarmed Combat
  2755 | D:3      | Found a sparkling altar of Nemelex Xobeh.
  2918 | D:3      | Found a sacrificial altar of Ru.
  2929 | D:3      | Became a worshipper of Ru the Awakened
  3033 | D:4      | Found Weahup's General Store.
  3107 | D:4      | You fall through a shaft for 3 floors!
  3113 | D:7      | Killed from afar by an orc priest

Vault maps used:
D:1:      dpeg_arrival_circle_labyrinth_c, hangedman_decor_clover_reticule
D:2:      serial_bayou_pond_b, minmay_misc_feat_ornament, st_stairs_6
D:3:      eat_drink_and_be_merry_uskayaw, lemuel_crystal_altar,
          lemuel_coloured_pillars_altar, gammafunk_temple_overflow_pools,
          bloody_makhleb, gammafunk_ghost_mausoleum
D:4:      kennysheep_slugbush, serial_shops, nicolae_shop_behind_doors
D:7:      statuecave_lemuel, gammafunk_temple_overflow_statue,
          overflow_temple_1_default, minmay_temple_entry_glassed_door,
          uniq_prince_ribbit1

Skill      XL: |  1  2  3  4  5 |
---------------+----------------+-----
Unarmed Combat | 4 5 6 |  6.1
Fighting       | |  1.1
Dodging        | |  1.7
Spellcasting   | |  2.0
Transmutations | |  2.0

Action                   |  1- 3 |  4- 6 || total
-------------------------+-------+-------++-------
Melee: Unarmed           |   137 |   122 ||   259
       Headbutt          |     3 |     5 ||     8
       Tailslap          |     6 |    10 ||    16
       Kick              |     1 |     1 ||     2
       Punch             |     1 |     1 ||     2
 Cast: Beastly Appendage |     5 |     3 ||     8
       Sticks to Snakes  |     2 |     4 ||     6
  Use: Scroll            |       |    10 ||    10
 Stab: Sleeping          |     2 |       ||     2
  Eat: Chunk             |     4 |     3 ||     7
Armor: Skin              |    43 |    35 ||    78
Dodge: Dodged            |    87 |    87 ||   174

Table legend:
 A = Spawn XP
 B = Non-spawn XP
 C = Spawn XP percentage of total XP
 D = Spawn monster count
 E = Non-spawn monster count
 F = Spawn count percentage of total count
 G = Total turns spent on level
                    A         B        C        D         E        F      G
               +---------+---------+-------+---------+---------+-------+---------
         Total |       0 |     250 |   0.0 |       0 |      67 |   0.0 |  3113
               +---------+---------+-------+---------+---------+-------+---------
           D:1 |       0 |      23 |   0.0 |       0 |       9 |   0.0 |  1234
           D:2 |       0 |      44 |   0.0 |       0 |      19 |   0.0 |   720
           D:3 |       0 |     174 |   0.0 |       0 |      36 |   0.0 |  1112
           D:4 |       0 |       9 |   0.0 |       0 |       3 |   0.0 |    41
               +---------+---------+-------+---------+---------+-------+---------
